 Dungeon Crawl Stone Soup version 0.29-a0-459-g97dee8cd24 (webtiles) character file.

Game seed: 10034125297376465958

44 hquester the Magician (level 3, -2/20 HPs)
             Began as a Deep Elf Hedge Wizard on May 20, 2022.
             Slain by a gnoll
             ... wielding a +0 halberd
              (13 damage)
             ... on level 1 of the Dungeon.
             The game lasted 00:09:57 (2379 turns).

hquester the Magician (Deep Elf Hedge Wizard)       Turns: 2379, Time: 00:09:57

Health: -2/20      AC:  6    Str:  9    XL:     3   Next: 41%
Magic:  7/11       EV: 12    Int: 18    God:
Gold:   44         SH:  0    Dex: 14    Spells: 8/11 levels left

rFire   . . .      SeeInvis +   a - +0 dagger
rCold   . . .      Faith    .   (no shield)
rNeg    . . .      Spirit   .   b - +0 robe
rPois   .          Reflect  .   l - +0 helmet
rElec   .          Harm     .   (no cloak)
rCorr   .          Rampage  .   (no gloves)
Will    .....                   m - +2 pair of boots
Stlth   ++........              (no amulet)
HPRegen 0.06/turn               i - ring of see invisible
MPRegen 0.12/turn               (no ring)

@: very slightly contaminated
A: no striking features
a: no special abilities


You were on level 1 of the Dungeon.
You visited 1 branch of the dungeon, and saw 2 of its levels.

You collected 44 gold pieces.

Inventory:

Hand Weapons
 a - a +0 dagger (weapon)
Armour
 b - a +0 robe (worn)
 l - a +0 helmet (worn)
 m - a +2 pair of boots (worn)
Jewellery
 i - a ring of see invisible (left hand)
Scrolls
 e - a scroll of identify {unknown}
 g - a scroll of poison {unknown}
 j - a scroll of immolation {unknown}
 k - a scroll of enchant weapon {unknown}
Potions
 d - a potion of magic
 f - a potion of lignification {unknown}
 h - a potion of mutation {unknown}


   Skills:
 + Level 0.8 Fighting
 + Level 0.8 Short Blades
 + Level 2.7 Dodging
 + Level 2.8 Stealth
 + Level 4.7 Spellcasting
 + Level 1.6 Conjurations
 + Level 1.6 Summonings
 + Level 1.4 Translocations


You had 8 spell levels left.
You knew the following spells:

 Your Spells              Type           Power      Damage    Failure   Level
a - Magic Dart            Conj           40%        1d5       7%          1
b - Call Imp              Summ           10%        N/A       11%         2

Your spell library contained the following spells:

 Spells                   Type           Power      Damage    Failure   Level
 Blink                    Tloc           18%        N/A       12%         2
 Slow                     Hex            16%        N/A       14%         1
 Conjure Flame            Conj/Fire      7%         6-21      28%         3
 Mephitic Cloud           Conj/Pois/Air  6%         N/A       32%         3


Dungeon Overview and Level Annotations

Branches:
Dungeon (2/15)

Altars:


Message History

Press: ? - help, Shift-Dir - straight line, f - endoplasm
Aim: an endoplasm (100% to hit)
The magic dart hits the endoplasm.
The endoplasm is almost dead.
The endoplasm hits you.
Casting: Magic Dart (safe; 7% risk of failure)
Confirm with . or Enter, or press ? or * to list all spells.
Aiming: Magic Dart (safe; 7% risk of failure)
Press: ? - help, Shift-Dir - straight line, f/p - endoplasm
Aim: an endoplasm (almost dead, 100% to hit)
The magic dart hits the endoplasm.
You kill the endoplasm!
You start resting.
HP restored.
You start resting.
Magic restored.
Okay, then.
You can't go up here!
You climb downwards.
The gnoll barely misses you.
There is a stone staircase leading up here.
The gnoll closely misses you.
You climb upwards.
There is a stone staircase leading down here.
You see here a +0 club.
Casting: Magic Dart (safe; 7% risk of failure)
Confirm with . or Enter, or press ? or * to list all spells.
You miscast Call Imp.
You are very lightly contaminated with residual magic.
Nothing appears to happen.
The gnoll closely misses you.
Casting: Call Imp (safe; 11% risk of failure)
Confirm with . or Enter, or press ? or * to list all spells.
A beastly little devil appears in a puff of frigid air.
The gnoll barely misses you. The gnoll hits you with a +0 halberd.
Your white imp hits the gnoll but does no damage.
You see here a jackal skeleton.
The gnoll attacks as you move away! The gnoll hits you with a +0 halberd.
The gnoll hits you from afar with a +0 halberd!
Ouch! That really hurt!
You die...

###..)...#.# #.# #.#.#
..#.####.#.# #.# #.#.####
###.#..#.#.# #.###########.#.##..
##..#..#.#.# #.#...........#.##..
.......#.#.# #.##.##########.##..
≈≈P≈≈..#.#.# #.##........#.#.....
..P.P..#.#.###.##..###.###.###...
#.#.P..............# #.+..<..+...
#.#.P..#.#.###.#@..#######.######
#_#.⌠..#.#.#...#÷.5#.............
###.≈..#.#.#.###>g.####.#####.###
P.P.≈.##.#.#.#.....# ##.#####.##.
≈⌠≈≈⌠....#.#.#.....###...[.....#.
.......###.#.#......######.######
######## #.#.#......+...........'
#.#.#.....#######.######
#.#.###.### #.# #


You could see a gnoll (ally target) and a friendly white imp (summoned).

Vanquished Creatures
  4 dart slugs (D:1)
  3 endoplasms (D:1)
  3 hobgoblins (D:1)
  A jackal (D:1)
  6 kobolds (D:1)
  A quokka (D:1)
  3 ball pythons (D:1)
  4 frilled lizards (D:1)
  6 goblins (D:1)
  A rat (D:1)
32 creatures vanquished.

Notes
Turn   | Place    | Note
-------+----------+-------------------------------------------
     0 | D:1      | hquester the Deep Elf Hedge Wizard began the quest for the
                  | Orb.
     0 | D:1      | Reached XP level 1. HP: 10/10 MP: 7/7
   436 | D:1      | Reached XP level 2. HP: 15/15 MP: 2/9
  1345 | D:1      | Reached XP level 3. HP: 20/20 MP: 6/11
  1456 | D:1      | Found a faded altar of an unknown god.
  1925 | D:1      | Learned a level 2 spell: Call Imp
  2379 | D:1      | Slain by a gnoll

Illustrated notes

Levels and vault maps discovered:
D:1:      shiori_shiawase, layout_basic, shapermc_ecumenical_altar_acropolis
D:2:      layout_basic

Action                   || total
-------------------------++-------
Melee: Dagger            ||    43
 Cast: Magic Dart        ||    58
       Call Imp          ||     2
  Use: Potion            ||     1
 Stab: Sleeping          ||     7
Armor: Robe              ||    11
Dodge: Dodged            ||    24

Table legend: (Time is in decaauts)
 A = Elapsed time spent in this place.
 B = Non-inter-level travel time spent in this place.
 C = Inter-level travel time spent in this place.
 D = Time resting spent in this place.
 E = Time spent auto-exploring this place.
 F = Levels seen in this place.
 G = Mean time per level.
                   A        B        C        D        E       F      G
               +--------+--------+--------+--------+--------+-----+--------+
         Total |   2360 |   2352 |      8 |    548 |   1484 |   2 | 1180.0 |
       Dungeon |   2360 |   2352 |      8 |    548 |   1484 |   2 | 1180.0 |
               +--------+--------+--------+--------+--------+-----+--------+

Top non-repeatable levels by time:
     D:1: 2332 daAuts
     D:2: 28 daAuts
